 Dungeon Crawl Stone Soup version 0.26-a0-652-gafc20e3620 (webtiles) character file.

Game seed: 15946454247349333311

21 DogServant the Skirmisher (level 2, 0/24 HPs)
             Began as a Demonspawn Berserker on Oct 2, 2020.
             Was a Follower of Trog.
             Succumbed to an adder's poison
             ... on level 2 of the Dungeon.
             The game lasted 00:01:00 (1065 turns).

DogServant the Skirmisher (Demonspawn Berserker)    Turns: 1065, Time: 00:01:01

Health: 0/24       AC:  6    Str: 17    XL:     2   Next: 65%
Magic:  2/2        EV: 11    Int:  8    God:    Trog [*.....]
Gold:   60         SH:  0    Dex: 12    Spells: 1/1 levels left

rFire    + . .     SeeInvis .   a - +0 hand axe
rCold    . . .     Faith    .   (no shield)
rNeg     . . .     Spirit   .   m - +0 ring mail
rPois    .         Reflect  .   (no helmet)
rElec    .         Harm     .   (no cloak)
rCorr    .         Rampage  .   c - +0 pair of gloves
MR       .....                  (no boots)
Stlth    +.........             (no amulet)
HPRegen  0.08/turn              (no ring)
MPRegen  0.08/turn              (no ring)

@: lethally poisoned (0 -> -4)
A: fire resistance 1
a: Berserk, Renounce Religion


You were on level 2 of the Dungeon.
You worshipped Trog.
Trog was aware of your devotion.
You visited 1 branch of the dungeon, and saw 2 of its levels.

You collected 60 gold pieces.

Inventory:

Hand Weapons
 a - a +0 hand axe (weapon)
Armour
 b - a +0 animal skin
 c - a +0 pair of gloves (worn)
 m - a +0 ring mail (worn)
Scrolls
 d - 3 scrolls of remove curse {unknown}
 e - a scroll of magic mapping {unknown}
 f - 4 scrolls of identify {unknown}
 j - a scroll of fear {unknown}
 k - 2 scrolls of teleportation {unknown}
Potions
 g - a potion of might {unknown}
 h - a potion of flight {unknown}
 i - 2 potions of curing {unknown}
 l - a potion of lignification {unknown}


   Skills:
 + Level 3.3 Fighting
 + Level 3.0 Axes
 - Level 1.7 Armour
 + Level 2.2 Dodging


You had one spell level left.
You didn't know any spells.
Your spell library was empty.

Dungeon Overview and Level Annotations

Branches:
Dungeon (2/15)

Altars:
Nemelex Xobeh


Innate Abilities, Weirdness & Mutations

Your flesh is heat resistant. (rF+)


Message History

The adder is moderately wounded.
The adder barely misses you.
You barely miss the adder.
The adder is moderately wounded.
The adder bites you but does no damage. The adder bites you.
* * * LOW HITPOINT WARNING * * *
You are lethally poisoned!
The adder poisons you!
Your ring mail prevents you from hitting the adder.
The adder is moderately wounded.
* * * LOW HITPOINT WARNING * * *
You feel sick. The adder barely misses you.
You barely miss the adder.
The adder is moderately wounded.
The adder bites you.
* * * LOW HITPOINT WARNING * * *
The adder bites you but does no damage.
You closely miss the adder.
The adder is moderately wounded.
You die...

#..#.≈.###.####.
##.......#.......
......≈....####
........#..#
###..≈≈.#..#
#.≈...#..#
##..##...#
.####..#....#####
..........@S....#
.......#....###.#
$###..###.#..#
#.. #....... #.
####.≈≈.. #.
.≈≈..# # .≈...#
.≈...#


You could see an adder.

Vanquished Creatures
  A worm (D:2)
  A leopard gecko (D:1)
  3 bats (D:1)
  4 hobgoblins
  A frilled lizard (D:1)
  4 kobolds (D:1)
  4 rats (D:1)
18 creatures vanquished.

Notes
Turn   | Place    | Note
-------+----------+-------------------------------------------
     0 | D:1      | DogServant the Demonspawn Berserker began the quest for the
                  | Orb.
     0 | D:1      | Reached XP level 1. HP: 18/18 MP: 1/1
    40 | D:1      | Found a sparkling altar of Nemelex Xobeh.
   446 | D:1      | Gained mutation: Your flesh is heat resistant. (rF+)
                  | [demonic ancestry]
   446 | D:1      | Reached XP level 2. HP: 24/24 MP: 2/2
  1064 | D:2      | HP: 1/24 [adder (3)]
  1065 | D:2      | Succumbed to an adder's poison

Illustrated notes

Levels and vault maps discovered:
D:1:      dpeg_arrival_renting, layout_loops_ring,
          nemelex_xobeh_ov_fountains_minmay
D:2:      layout_loops_ring, serial_rivers, chequers_serial_rivers_micro_e,
          chequers_serial_rivers_small_3, chequers_serial_rivers_micro_c,
          chequers_serial_rivers_small_b, chequers_serial_rivers_micro_c

Skill      XL: |  1  2 |
---------------+-------+-----
Dodging        | 2 |  2.2
Axes           | 3 |  3.0
Fighting       | |  3.3
Armour         | |  1.7

Action                   || total
-------------------------++-------
Melee: Hand axe          ||    53
Armor: Animal skin       ||    17
       Ring mail         ||     4
Dodge: Dodged            ||    26

Table legend: (Time is in decaauts)
 A = Elapsed time spent in this place.
 B = Non-inter-level travel time spent in this place.
 C = Inter-level travel time spent in this place.
 D = Time resting spent in this place.
 E = Time spent auto-exploring this place.
 F = Levels seen in this place.
 G = Mean time per level.
                   A        B        C        D        E       F      G
               +--------+--------+--------+--------+--------+-----+--------+
         Total |   1072 |   1026 |     46 |      0 |    868 |   2 |  536.0 |
       Dungeon |   1072 |   1026 |     46 |      0 |    868 |   2 |  536.0 |
               +--------+--------+--------+--------+--------+-----+--------+

Top non-repeatable levels by time:
     D:1: 973 daAuts
     D:2: 99 daAuts
